| TOP OF THE 1ST |
|
Los Angeles (NYP) Dodgers batting - Pitching for Brooklyn Cyclones : RHP Ryan Stegall
|
|
Pitching: RHP Ryan Stegall
|
|
|
Batting: RHB Nick Beggs
|
0-0: Called Strike 0-1: Called Strike 0-2: Ground out 1-3 (Groundball, 15S, EV 69.4 MPH)
|
|
Batting: RHB Ruben Serrata
|
0-0: Ball 1-0: Ball 2-0: Called Strike 2-1: Swinging Strike 2-2: Ground out 5-3 (Groundball, 56, EV 100.0 MPH)
|
|
Batting: RHB Tommie Lee
|
0-0: Called Strike 0-1: Ground out 5-3 (Groundball, 56S, EV 88.1 MPH)
|
| Top of the 1st over - 0 runs, 0 hits, 0 errors, 0 left on base; Los Angeles (NYP) 0 - Brooklyn 0 |
| BOTTOM OF THE 1ST |
|
Brooklyn Cyclones batting - Pitching for Los Angeles (NYP) Dodgers : RHP Eric Ovitt
|
|
Pitching: RHP Eric Ovitt
|
|
|
Batting: RHB Darwin Mills
|
0-0: Called Strike 0-1: SINGLE (Groundball, 6D, EV 98.8 MPH)
|
|
Batting: SHB Harrison Feist
|
0-0: Called Strike 0-1: Called Strike 0-2: Ball 1-2: Strikes out swinging
|
|
Batting: RHB Mike Mathews
|
0-0: Ball 1-0: Grounds into double play, 4-6-3 (Groundball, 4, EV 105.6 MPH)
|
| Bottom of the 1st over - 0 runs, 1 hit, 0 errors, 0 left on base; Los Angeles (NYP) 0 - Brooklyn 0 |
| TOP OF THE 2ND |
|
Los Angeles (NYP) Dodgers batting - Pitching for Brooklyn Cyclones : RHP Ryan Stegall
|
|
Batting: LHB Tony Morales
|
0-0: Foul Ball, location: 2F 0-1: Called Strike 0-2: Ball 1-2: Ball 2-2: Ball 3-2: Fly out, F8 (Flyball, 89M, EV 86.9 MPH)
|
|
Batting: RHB Shinji Aizawa
|
0-0: Fly out, F8 (Flyball, 8RM, EV 89.4 MPH)
|
|
Batting: RHB Kyle Garrett
|
0-0: Ball 1-0: Ball 2-0: Called Strike 2-1: Ball 3-1: Foul Ball, location: 2F 3-2: Foul Ball, location: 2F 3-2: SINGLE (Groundball, 34D, EV 107.5 MPH)
|
|
Batting: RHB Daniel Samano
|
0-0: Ball Pickoff Throw to First - Error! E1 Kyle Garrett to second 1-0: Called Strike 1-1: Ball 2-1: Foul Ball, location: 2F 2-2: Ground out 4-3 (Groundball, 4, EV 109.4 MPH)
|
| Top of the 2nd over - 0 runs, 1 hit, 1 error, 1 left on base; Los Angeles (NYP) 0 - Brooklyn 0 |
| BOTTOM OF THE 2ND |
|
Brooklyn Cyclones batting - Pitching for Los Angeles (NYP) Dodgers : RHP Eric Ovitt
|
|
Batting: RHB Matt Tittle
|
0-0: Ball 1-0: Called Strike 1-1: Ball 2-1: Foul Ball, location: 2F 2-2: Fly out, F8 (Flyball, 8LM, EV 80.0 MPH)
|
|
Batting: RHB Mike Patterson
|
0-0: Foul Ball, location: 2F 0-1: Foul Ball, location: 2F 0-2: Hit by Pitch
|
|
Batting: RHB Marvin Merino
|
0-0: Called Strike 0-1: Ball 1-1: Called Strike 1-2: Ball 2-2: Strikes out swinging
|
|
Batting: RHB Brad Brown
|
0-0: Called Strike 0-1: Swinging Strike 0-2: Strikes out swinging
|
| Bottom of the 2nd over - 0 runs, 0 hits, 0 errors, 1 left on base; Los Angeles (NYP) 0 - Brooklyn 0 |
| TOP OF THE 3RD |
|
Los Angeles (NYP) Dodgers batting - Pitching for Brooklyn Cyclones : RHP Ryan Stegall
|
|
Batting: LHB Jose Mojica
|
0-0: Foul Ball, location: 2F 0-1: Called Strike 0-2: Ball 1-2: Strikes out swinging
|
|
Batting: RHB Jonathan Underhill
|
0-0: Called Strike 0-1: Called Strike 0-2: Ball 1-2: Foul Ball, location: 2F 1-2: Ball 2-2: Foul Ball, location: 2F 2-2: Foul Ball, location: 2F 2-2: Strikes out swinging
|
|
Batting: RHB Nick Beggs
|
0-0: Ball 1-0: Called Strike 1-1: Ball 2-1: Swinging Strike 2-2: Foul Ball, location: 2F 2-2: Strikes out swinging
|
| Top of the 3rd over - 0 runs, 0 hits, 0 errors, 0 left on base; Los Angeles (NYP) 0 - Brooklyn 0 |
| BOTTOM OF THE 3RD |
|
Brooklyn Cyclones batting - Pitching for Los Angeles (NYP) Dodgers : RHP Eric Ovitt
|
|
Batting: RHB Barney Pederson
|
0-0: Ground out 5-3 (Groundball, 56, EV 87.5 MPH)
|
|
Batting: RHB Tyler Lybrand
|
0-0: Swinging Strike 0-1: Ball 1-1: Foul Ball, location: 2F 1-2: Ball 2-2: Strikes out looking
|
|
Batting: RHB Darwin Mills
|
0-0: Called Strike 0-1: Foul Ball, location: 2F 0-2: Ball 1-2: Ball 2-2: Ball 3-2: Fly out, F8 (Flyball, 8LD, EV 99.4 MPH)
|
| Bottom of the 3rd over - 0 runs, 0 hits, 0 errors, 0 left on base; Los Angeles (NYP) 0 - Brooklyn 0 |
| TOP OF THE 4TH |
|
Los Angeles (NYP) Dodgers batting - Pitching for Brooklyn Cyclones : RHP Ryan Stegall
|
|
Batting: RHB Ruben Serrata
|
0-0: Called Strike 0-1: Ball 1-1: Foul Ball, location: 2F 1-2: Ball 2-2: Foul Ball, location: 2F 2-2: Foul Ball, location: 2F 2-2: Foul Ball, location: 2F 2-2: Foul Ball, location: 2F 2-2: Strikes out swinging
|
|
Batting: RHB Tommie Lee
|
0-0: Ball 1-0: Ball 2-0: Ball 3-0: Called Strike 3-1: Foul Ball, location: 2F 3-2: Ground out 6-3 (Groundball, 6, EV 83.8 MPH)
|
|
Batting: LHB Tony Morales
|
0-0: Ball 1-0: Ball 2-0: Ball 3-0: Called Strike 3-1: Base on Balls
|
|
Batting: RHB Shinji Aizawa
|
0-0: Ball 1-0: Swinging Strike 1-1: Ball 2-1: Ball 3-1: Foul Ball, location: 2F 3-2: SINGLE (Line Drive, 89S, EV 90.6 MPH) Tony Morales to second Tony Morales to third
|
|
Batting: RHB Kyle Garrett
|
0-0: Foul Ball, location: 2F 0-1: Reached on error, E5 (Groundball, 56, EV 86.2 MPH) Tony Morales scores Shinji Aizawa to second
|
|
Batting: RHB Daniel Samano
|
0-0: Called Strike 0-1: Ground out 5-3 (Groundball, 56S, EV 87.5 MPH)
|
| Top of the 4th over - 1 run, 1 hit, 1 error, 2 left on base; Los Angeles (NYP) 1 - Brooklyn 0 |
| BOTTOM OF THE 4TH |
|
Brooklyn Cyclones batting - Pitching for Los Angeles (NYP) Dodgers : RHP Eric Ovitt
|
|
Batting: SHB Harrison Feist
|
0-0: Called Strike 0-1: Swinging Strike 0-2: Foul Ball, location: 2F 0-2: Ball 1-2: Foul Ball, location: 2F 1-2: SINGLE (Groundball, 34D, EV 94.4 MPH)
|
|
Batting: RHB Mike Mathews
|
0-0: Ball 1-0: Called Strike 1-1: Foul Ball, location: 2F 1-2: Strikes out looking
|
|
Batting: RHB Matt Tittle
|
0-0: Ball 1-0: Ball 2-0: Swinging Strike 2-1: Foul Ball, location: 2F 2-2: Strikes out looking
|
|
Batting: RHB Mike Patterson
|
0-0: Swinging Strike 0-1: Ball 1-1: Swinging Strike 1-2: Ball 2-2: Foul Ball, location: 2F 2-2: Foul Ball, location: 2F 2-2: Ball 3-2: Strikes out swinging
|
| Bottom of the 4th over - 0 runs, 1 hit, 0 errors, 1 left on base; Los Angeles (NYP) 1 - Brooklyn 0 |
| TOP OF THE 5TH |
|
Los Angeles (NYP) Dodgers batting - Pitching for Brooklyn Cyclones : RHP Ryan Stegall
|
|
Batting: LHB Jose Mojica
|
0-0: Ball 1-0: Ground out 6-3 (Groundball, 6, EV 108.1 MPH)
|
|
Batting: RHB Jonathan Underhill
|
0-0: Called Strike 0-1: Ball 1-1: Ball 2-1: Ground out 3-1 (Groundball, 34, EV 93.8 MPH)
|
|
Batting: RHB Nick Beggs
|
0-0: Ball 1-0: Foul Ball, location: 2F 1-1: Foul Ball, location: 2F 1-2: Ball 2-2: Ground out 1-3 (Groundball, 34S, EV 73.1 MPH)
|
| Top of the 5th over - 0 runs, 0 hits, 0 errors, 0 left on base; Los Angeles (NYP) 1 - Brooklyn 0 |
| BOTTOM OF THE 5TH |
|
Brooklyn Cyclones batting - Pitching for Los Angeles (NYP) Dodgers : RHP Eric Ovitt
|
|
Batting: RHB Marvin Merino
|
0-0: Ball 1-0: Ball 2-0: Ball 3-0: Called Strike 3-1: Ground out 6-3 (Groundball, 6, EV 85.6 MPH)
|
|
Batting: RHB Brad Brown
|
0-0: Foul Ball, location: 2F 0-1: Foul Ball, location: 2F 0-2: Strikes out looking
|
|
Batting: RHB Barney Pederson
|
0-0: Ground out 6-3 (Groundball, 6D, EV 98.1 MPH)
|
| Bottom of the 5th over - 0 runs, 0 hits, 0 errors, 0 left on base; Los Angeles (NYP) 1 - Brooklyn 0 |
| TOP OF THE 6TH |
|
Los Angeles (NYP) Dodgers batting - Pitching for Brooklyn Cyclones : RHP Ryan Stegall
|
|
Batting: RHB Ruben Serrata
|
0-0: Swinging Strike 0-1: Ball 1-1: SINGLE (Flyball, 5D, EV 97.5 MPH)
|
|
Batting: RHB Tommie Lee
|
0-0: Called Strike 0-1: Swinging Strike 0-2: Ball 1-2: Ground out 5-3 (Groundball, 56, EV 90.0 MPH) Ruben Serrata to second
|
|
Batting: LHB Tony Morales
|
0-0: Foul Ball, location: 2F 0-1: Ball 1-1: Foul Ball, location: 2F Balk! Ruben Serrata to third 1-2: Ball 2-2: Ball 3-2: Reached on error, E6 (Groundball, 6, EV 91.2 MPH) Ruben Serrata scores
|
|
Pitching: RHP Danny Helm
|
|
|
Batting: RHB Shinji Aizawa
|
0-0: Ball 1-0: Ball 2-0: Called Strike 2-1: Ball 3-1: Base on Balls
|
|
Batting: RHB Kyle Garrett
|
0-0: Called Strike 0-1: Fly out, F8 (Flyball, 8LXD, EV 90.6 MPH) Runner from 2nd tags up, SAFE at 3rd, no throw by CF
|
|
Batting: RHB Daniel Samano
|
0-0: Ball 1-0: Called Strike 1-1: Ball 2-1: Swinging Strike 2-2: Ball 3-2: Base on Balls Shinji Aizawa to second
|
|
Batting: LHB Jose Mojica
|
0-0: Ball 1-0: Foul Ball, location: 2F 1-1: Ball 2-1: Foul Ball, location: 2F 2-2: Foul Ball, location: 2F 2-2: Ball 3-2: Base on Balls Tony Morales scores Shinji Aizawa to third Daniel Samano to second
|
|
Pitching: RHP Adrian Colorado
|
|
|
Batting: RHB Jonathan Underhill
|
0-0: Ball 1-0: SINGLE (Groundball, 4D, EV 96.2 MPH) Shinji Aizawa scores Daniel Samano to third Jose Mojica to second Runner from 3rd tries for Home, SAFE, throw by CF to home
|
|
Batting: RHB Nick Beggs
|
0-0: Ball 1-0: Foul Ball, location: 2F 1-1: DOUBLE (Groundball, 5L, EV 107.5 MPH) Jose Mojica scores Jonathan Underhill to third
|
|
Batting: RHB Ruben Serrata
|
0-0: Ball 1-0: Called Strike 1-1: Swinging Strike 1-2: Strikes out swinging
|
| Top of the 6th over - 5 runs, 3 hits, 1 error, 2 left on base; Los Angeles (NYP) 6 - Brooklyn 0 |
| BOTTOM OF THE 6TH |
|
Brooklyn Cyclones batting - Pitching for Los Angeles (NYP) Dodgers : RHP Eric Ovitt
|
|
Batting: RHB Tyler Lybrand
|
0-0: Foul Ball, location: 2F 0-1: Swinging Strike 0-2: Foul Ball, location: 2F 0-2: Strikes out swinging
|
|
Batting: RHB Darwin Mills
|
0-0: Foul Ball, location: 2F 0-1: Swinging Strike 0-2: Foul Ball, location: 2F 0-2: Strikes out swinging
|
|
Batting: SHB Harrison Feist
|
0-0: Foul Ball, location: 2F 0-1: Ball 1-1: Foul Ball, location: 2F 1-2: Strikes out looking
|
| Bottom of the 6th over - 0 runs, 0 hits, 0 errors, 0 left on base; Los Angeles (NYP) 6 - Brooklyn 0 |
| TOP OF THE 7TH |
|
Los Angeles (NYP) Dodgers batting - Pitching for Brooklyn Cyclones : RHP Adrian Colorado
|
|
Batting: RHB Tommie Lee
|
0-0: Called Strike 0-1: Ball 1-1: Ball 2-1: Reached via error on a dropped throw from 3B, E3 (Groundball, 56, EV 75.6 MPH)
|
|
Batting: LHB Tony Morales
|
0-0: Called Strike 0-1: Ball 1-1: Ball 2-1: Called Strike 2-2: Ball 3-2: Base on Balls Tommie Lee to second
|
|
Batting: RHB Shinji Aizawa
|
0-0: Ball 1-0: Ball 2-0: Called Strike 2-1: SINGLE (Flyball, 89S, EV 86.2 MPH) Tommie Lee to third Tony Morales to second
|
|
Batting: RHB Kyle Garrett
|
0-0: Ball 1-0: Called Strike 1-1: Swinging Strike 1-2: Ball 2-2: Strikes out swinging
|
|
Batting: RHB Daniel Samano
|
0-0: SINGLE (Groundball, 6D, EV 96.2 MPH) Tommie Lee scores Tony Morales to third Shinji Aizawa to second Runner from 3rd tries for Home, throw by LF and OUT! 7-2
|
|
Pinch Hitting: LHB Antonio Luis
|
0-0: Called Strike Balk! Shinji Aizawa to third Daniel Samano to second 0-1: Ball 1-1: Called Strike 1-2: Foul Ball, location: 2F 1-2: Ball 2-2: Foul Ball, location: 2F 2-2: SINGLE (Groundball, 4MD, EV 100.6 MPH) Shinji Aizawa scores Daniel Samano to third Runner from 3rd tries for Home, SAFE, throw by CF to home Antonio Luis to second
|
|
Pinch Hitting: LHB Armando Rendon
|
0-0: Ball 1-0: Foul Ball, location: 2F 1-1: Called Strike 1-2: Ball 2-2: Foul Ball, location: 2F 2-2: Ball 3-2: Foul Ball, location: 2F 3-2: Base on Balls
|
|
Pinch Hitting: LHB Bobby Gambrell
|
0-0: Called Strike 0-1: Foul Ball, location: 2F 0-2: Ball 1-2: Fly out, F7 (Flyball, 7S, EV 88.8 MPH)
|
| Top of the 7th over - 3 runs, 3 hits, 1 error, 2 left on base; Los Angeles (NYP) 9 - Brooklyn 0 |
| BOTTOM OF THE 7TH |
|
Brooklyn Cyclones batting - Pitching for Los Angeles (NYP) Dodgers : RHP Eric Ovitt
|
|
Now at 1B: Ashton Crenshaw
|
|
|
Now at 2B: Bobby Gambrell
|
|
|
Now at SS: Antonio Luis
|
|
|
Batting: RHB Mike Mathews
|
0-0: Ball 1-0: Ball 2-0: SINGLE (Groundball, 56D, EV 110.0 MPH)
|
|
Batting: RHB Matt Tittle
|
0-0: Called Strike 0-1: Ball 1-1: Ball 2-1: SINGLE (Groundball, 56D, EV 115.6 MPH) Mike Mathews to second
|
|
Batting: RHB Mike Patterson
|
0-0: Ball 1-0: Fly out, F8 (Flyball, 8LXD, EV 108.1 MPH) Runner from 2nd tags up, SAFE at 3rd, no throw by CF
|
|
Batting: RHB Marvin Merino
|
0-0: Bunt missed! 0-1: Bunt missed! 0-2: Bunt missed, Strikeout!
|
|
Batting: RHB Brad Brown
|
0-0: Foul Ball, location: 2F 0-1: Swinging Strike 0-2: Ball 1-2: Ball Passed Ball! Mike Mathews scores Matt Tittle to second 2-2: Strikes out swinging
|
| Bottom of the 7th over - 1 run, 2 hits, 0 errors, 1 left on base; Los Angeles (NYP) 9 - Brooklyn 1 |
| TOP OF THE 8TH |
|
Los Angeles (NYP) Dodgers batting - Pitching for Brooklyn Cyclones : RHP Adrian Colorado
|
|
Batting: RHB Ruben Serrata
|
0-0: Ball 1-0: Foul Ball, location: 2F 1-1: Ground out 4-3 (Groundball, 4, EV 103.8 MPH)
|
|
Batting: RHB Tommie Lee
|
0-0: Ball 1-0: Called Strike 1-1: Ball 2-1: SINGLE (Groundball, 6MD, EV 96.2 MPH)
|
|
Batting: LHB Tony Morales
|
0-0: Called Strike 0-1: Swinging Strike 0-2: Ball 1-2: Ball 2-2: Ball 3-2: Foul Ball, location: 2F 3-2: Foul Ball, location: 2F 3-2: Fielders Choice at 2nd, 3-6 (Groundball, 34, EV 91.9 MPH)
|
|
Batting: RHB Shinji Aizawa
|
0-0: Ball 1-0: Ball 2-0: Ball 3-0: Called Strike 3-1: Base on Balls Tony Morales to second
|
|
Batting: RHB Kyle Garrett
|
0-0: Called Strike 0-1: Ball 1-1: Ball 2-1: Ball 3-1: Swinging Strike 3-2: Base on Balls Tony Morales to third Shinji Aizawa to second
|
|
Batting: RHB Daniel Samano
|
0-0: Called Strike 0-1: Ball 1-1: Swinging Strike 1-2: Foul Ball, location: 2F 1-2: Strikes out swinging
|
| Top of the 8th over - 0 runs, 1 hit, 0 errors, 3 left on base; Los Angeles (NYP) 9 - Brooklyn 1 |
| BOTTOM OF THE 8TH |
|
Brooklyn Cyclones batting - Pitching for Los Angeles (NYP) Dodgers : RHP Eric Ovitt
|
|
Pitching: RHP Alberto Castillo
|
|
|
Batting: RHB Barney Pederson
|
0-0: Called Strike 0-1: Foul Ball, location: 2F 0-2: Ball 1-2: Ball 2-2: Strikes out swinging
|
|
Batting: RHB Tyler Lybrand
|
0-0: Swinging Strike 0-1: Called Strike 0-2: Ball 1-2: Strikes out swinging
|
|
Batting: RHB Darwin Mills
|
0-0: Foul Ball, location: 2F 0-1: Fly out, F8 (Flyball, 8LD, EV 83.8 MPH)
|
| Bottom of the 8th over - 0 runs, 0 hits, 0 errors, 0 left on base; Los Angeles (NYP) 9 - Brooklyn 1 |
| TOP OF THE 9TH |
|
Los Angeles (NYP) Dodgers batting - Pitching for Brooklyn Cyclones : RHP Adrian Colorado
|
|
Batting: LHB Antonio Luis
|
0-0: Ball 1-0: Foul Ball, location: 2F 1-1: Called Strike 1-2: Foul Ball, location: 2F 1-2: Foul Ball, location: 2F 1-2: Ball 2-2: SINGLE (Groundball, 6S, EV 68.8 MPH) (infield hit)
|
|
Batting: RHB Ashton Crenshaw
|
0-0: Ball 1-0: Ball 2-0: Ball 3-0: Called Strike 3-1: DOUBLE (Line Drive, 78D, EV 110.0 MPH) Antonio Luis to third
|
|
Batting: LHB Bobby Gambrell
|
0-0: Ball 1-0: Swinging Strike 1-1: Swinging Strike 1-2: SINGLE (Groundball, 6M, EV 81.2 MPH) (infield hit) Antonio Luis scores Ashton Crenshaw to third
|
|
Batting: RHB Ruben Serrata
|
0-0: Fly out, F7 (Flyball, 7, EV 86.9 MPH) Runner from 3rd tags up, SCORES, throw by LF
|
|
Batting: RHB Tommie Lee
|
0-0: Ball 1-0: Called Strike 1-1: Ball 2-1: Grounds into double play, 5-4-3 (Groundball, 56, EV 100.0 MPH)
|
| Top of the 9th over - 2 runs, 3 hits, 0 errors, 0 left on base; Los Angeles (NYP) 11 - Brooklyn 1 |
| BOTTOM OF THE 9TH |
|
Brooklyn Cyclones batting - Pitching for Los Angeles (NYP) Dodgers : RHP Alberto Castillo
|
|
Batting: SHB Harrison Feist
|
0-0: Called Strike 0-1: Called Strike 0-2: Strikes out swinging
|
|
Batting: RHB Mike Mathews
|
0-0: Called Strike 0-1: Called Strike 0-2: Ball 1-2: DOUBLE (Line Drive, 89D, EV 108.1 MPH)
|
|
Batting: RHB Matt Tittle
|
0-0: Swinging Strike 0-1: Ball 1-1: Swinging Strike 1-2: Ball 2-2: Strikes out swinging
|
|
Batting: RHB Mike Patterson
|
0-0: Ball 1-0: Called Strike 1-1: Swinging Strike 1-2: Strikes out looking
|
| Bottom of the 9th over - 0 runs, 1 hit, 0 errors, 1 left on base; Los Angeles (NYP) 11 - Brooklyn 1 |
|